[Event "Charlotte GM-A May 2022"]
[Site "Charlotte"]
[Date "2022.05.08"]
[Round "9.1"]
[White "Liang, Jason"]
[Black "Korley, Kassa"]
[Result "1/2-1/2"]
[ECO "D00"]
[WhiteElo "2432"]
[BlackElo "2413"]
[Annotator "TA"]
[PlyCount "63"]
[EventDate "2022.05.04"]
[EventType "tourn"]
[EventCountry "USA"]
[SourceTitle "playchess.com"]
[Source "ChessBase"]
[SourceQuality "1"]
[TimeControl "5400+30"]

1. d4 Nf6 2. Nc3 d5 3. Bf4 g6 4. Nb5 Na6 5. e3 Bg7 6. h3 {[%emt 0:00:14] D00: 1 d4 d5: Unusual lines.} O-O 7. Nf3 c6 8. Nc3 {[%emt 0:00:37] The position is equal.} Nc7 9. Be2 b6 10. O-O Bb7 11. a4 a5 {[%emt 0:00:51] [#]} 12. Bh2 $146 ({Predecessor:} 12. Rc1 Rc8 13. b3 Nd7 14. Bh2 Qe8 15. Ne5 Nxe5 16. dxe5 Ba6 17. Qd2 Qd7 18. Bxa6 Nxa6 {0-1 (129) Sadhwani,R (2616)-Swiercz,D (2656) Chess.com INT 2022}) 12... Nce8 13. Nb1 Nd6 14. c3 c5 15. Na3 Nfe4 16. Rc1 Rc8 17. Nd2 Nxd2 18. Qxd2 Qd7 19. b3 Ne4 20. Qb2 h5 21. Rfd1 Rfd8 22. Nb5 Bc6 23. Rc2 Qb7 24. Rdc1 Bd7 25. Rd1 Bc6 26. Rcc1 Bf6 27. Bd3 Ng5 28. Bf1 Ne4 29. Bd3 Ng5 30. Qa3 Bd7 31. Qb2 Bc6 32. Qa3 {[%emt 0:06:41] Not much happened in this game.  Weighted Error Value: White=0.06 (flawless) /Black=0.06 (flawless)} 1/2-1/2

[Event "Charlotte GM-A May 2022"]
[Site "Charlotte"]
[Date "2022.05.08"]
[Round "9.3"]
[White "Belous, Vladimir"]
[Black "Williams, Justus"]
[Result "0-1"]
[ECO "A13"]
[WhiteElo "2525"]
[BlackElo "2417"]
[Annotator "TA"]
[PlyCount "94"]
[EventDate "2022.05.04"]
[EventType "tourn"]
[EventCountry "USA"]
[SourceTitle "playchess.com"]
[Source "ChessBase"]
[SourceQuality "1"]
[TimeControl "5400+30"]

1. c4 e6 2. Nf3 d5 3. g3 g6 4. Bg2 Bg7 5. O-O Ne7 6. d4 Nbc6 7. Nc3 {[%emt 0:01:08] has lost popularity (7.e3). A13: English Opening: 1...e6.} O-O 8. e4 dxc4 {[%emt 0:04:39][%cal Rc6d4] [#]} 9. Bg5 $146 {[%emt 0:02:27] The position is equal.} ({Predecessor:} 9. Be3 a6 10. a4 b6 11. Qe2 Nxd4 12. Nxd4 Bxd4 13. e5 Ra7 14. Rfd1 c5 15. Ne4 {0-1 (44) Oparin,G (2652)-Rychkov,O (2407) Chess.com INT 2020}) 9... Re8 10. d5 Nb4 (10... Bxc3 $5 11. bxc3 exd5 $15) 11. Qd2 (11. Nd2 $11) 11... exd5 {[%emt 0:05:56][%cal Be6d5,Bd5d4,Bd4c3][%mdl 32] ...f6 is the strong threat.} 12. a3 d4 13. Rad1 {[%emt 0:02:03] [#]} ({White should play} 13. axb4 $15 dxc3 14. Qxd8 (14. bxc3 Qxd2 15. Bxd2 Nc6 $15) 14... Rxd8 15. bxc3) 13... Bg4 $1 $17 {[%emt 0:01:54] aiming for ...Bxf3.} 14. axb4 dxc3 {[%emt 0:00:26][%mdl 64] Discovered Attack} (14... f6 15. Bf4 dxc3 16. Qxc3 $14) 15. Qf4 Qc8 16. Ne5 $2 (16. bxc3 $17 {was the only defense.} a5 17. h3 Bxf3 18. Bxf3) 16... Be6 (16... Bxd1 17. Qxf7+ Kh8 18. Bf6 Bxf6 19. Qxf6+ Kg8 20. Rxd1 $14) ({Black should try} 16... Bxe5 $19 17. Qxe5 Bxd1 18. Qxc3 Qe6 $1 19. Rxd1 Rad8) 17. Bf6 cxb2 {[%emt 0:04:53] Hoping for ...c5.} 18. Rd7 $2 Bf8 (18... Bxd7 19. Bxg7 Be6 20. Qh6 $15) 19. Bg5 $2 (19. Rd2) 19... h6 (19... Bxd7 $2 {leads to mate.} 20. Qxf7+ Kh8 21. Bf6+) 20. Bxh6 Bxh6 ({And not} 20... Bxd7 21. Qxf7+ Kh8 22. Qf6+ Kh7 23. Bxf8 Rxf8 24. Qxe7+ Kg8 25. Qg5 $11 (25. Nxd7 Rf7 $11)) 21. Qxh6 Bxd7 22. f4 {[%emt 0:00:01] [#]} Nf5 $1 23. exf5 (23. Qg5 Rxe5) 23... Bxf5 24. Nxf7 Kxf7 25. Bd5+ {[%emt 0:01:09] [#]} Re6 $1 26. Qh7+ (26. Bxc4 Qh8) 26... Kf6 27. g4 Bxg4 28. f5 Bxf5 29. Rxf5+ gxf5 {[%emt 0:00:26] Black mates.} 30. Qh6+ Ke5 31. Qe3+ Kxd5 32. Qc5+ Ke4 33. Qxc4+ Ke5 34. Qc3+ Kd6 35. Qd4+ Ke7 36. Qg7+ {[%emt 0:00:07] [#]} Kd8 $1 37. Qf8+ Kd7 38. Qg7+ Re7 39. Qd4+ {[%emt 0:00:05] [#]} Ke6 $1 40. Qc4+ Kf6 41. Qh4+ Kf7 42. Qh7+ Ke6 43. Qg6+ Kd5 44. Qg2+ Re4 45. Qd2+ Ke5 46. Qxb2+ Ke6 47. Qb3+ Kf6 {[%emt 0:00:11] Weighted Error Value: White=1.02/Black=0.19 (very precise)} 0-1